[Event "SixDays Budapest January-GM 2023"]
[Site "Budapest"]
[Date "2023.01.27"]
[Round "7.1"]
[White "Ghazarian, Kirk"]
[Black "Pajeken, Jakob Leon"]
[Result "1/2-1/2"]
[ECO "D27"]
[WhiteElo "2466"]
[BlackElo "2449"]
[Annotator "TA"]
[PlyCount "120"]
[EventDate "2023.01.23"]
[EventType "tourn"]
[EventCountry "HUN"]
[SourceTitle "playchess.com"]
[Source "ChessBase"]
[SourceQuality "1"]
[TimeControl "5400+30"]

1. d4 d5 2. c4 dxc4 3. Nf3 Nf6 4. e3 e6 5. Bxc4 c5 6. O-O a6 7. Be2 {[%emt 0:00:44] 7.b3 is the modern continuation. D27: Queen's Gambit Accepted: Classical main line: 7 e4!? and 7 a4.} Nbd7 8. Nbd2 b6 9. dxc5 {[%emt 0:01:51] White is slightly better.} Bxc5 10. Nc4 {[%emt 0:00:40] [#]} Qc7 $146 {[%emt 0:18:40] Prevents Nd6+} ({Predecessor:} 10... O-O 11. Nd6 a5 12. Nxc8 Rxc8 13. b3 Qe7 14. a3 Rfd8 15. Bb2 Bd6 16. Ba6 Rc7 {1-0 Narayanan,S (2663)-Andersen,M (2604) Fagernes Autumn op 2022 (8)}) 11. Bd2 a5 12. a3 a4 13. Bb4 O-O 14. Bxc5 Nxc5 15. Qd6 Qxd6 16. Nxd6 Nb3 17. Rad1 Ba6 18. Bxa6 Rxa6 19. Nd4 Nxd4 20. Rxd4 Rd8 21. Rc1 Ra7 (21... h6 $14) 22. Nc8 $16 {[%emt 0:06:18][%mdl 64] Discovered Attack. White is more active.} Rxd4 23. exd4 {[%emt 0:00:03][%mdl 4096] Endgame KRN-KRN} Ra6 {[%emt 0:01:58] [#]} 24. Nxb6 $1 {[%emt 0:00:34][%mdl 64] White wants to mate with Rc8+. Back Rank, Clearance} g5 25. Rc8+ Kg7 26. Nc4 Ra7 27. g3 Rd7 28. Ne5 Rxd4 29. Rc7 Ng4 (29... Rd5 $16 30. Rxf7+ (30. Nxf7 Kg6 $16) 30... Kg8) 30. Nxf7 $18 (30. Rxf7+ $2 {too greedy.} Kg8 31. Rb7 (31. Rd7 $2 Nxe5 32. Rxd4 Nf3+ 33. Kg2 Nxd4 $19) 31... Nxe5 $19) 30... Kg6 31. h3 Nf6 32. Ne5+ Kf5 33. Nf3 Rd1+ 34. Kg2 h5 35. Rg7 g4 (35... Ne4 $16 {might work better.} 36. Ra7 Nc5) 36. Rg5+ Ke4 37. hxg4 hxg4 38. Re5+ Kd3 {[%emt 0:00:01] [#]} 39. Nh2 Rd2 40. Rxe6 Ne4 {[%emt 0:00:17] Repels Rd6+} 41. Nxg4 Rxb2 42. Ra6 Nc3 43. Ne5+ (43. Nf6 $18) 43... Kd4 $16 44. Nf3+ Kd5 45. Ra5+ Rb5 {[%emt 0:02:47] [#]} (45... Kc4 $142) 46. Ra7 $2 (46. Ra8 $1 $18 {and the rest is easy.}) 46... Rb2 $2 (46... Rb3 $16) 47. Rd7+ $18 Ke6 48. Rd2 Rxd2 $2 (48... Rb6 49. g4 Kf7 50. Rd7+ Kg6) 49. Nxd2 {[%emt 0:00:02] KN-KN} Kd5 50. g4 Nb5 51. Nb1 Ke4 52. g5 $2 (52. Kg3 $18 Ke5 53. f3) 52... Kf5 $11 {[%emt 0:00:19] The position is equal.} 53. f4 Nd4 54. Nc3 {[%emt 0:00:10] aiming for Kg3.} Nc2 55. Kf3 ({Much less strong is} 55. Nxa4 $6 Nxa3 56. Kg3 Nc2 $16) 55... Nxa3 56. Nxa4 {[%emt 0:00:08] Nc3 is the strong threat.} Nb5 {[%emt 0:00:25] Prevents Nc3.} 57. Nc5 {[%emt 0:00:29] And now Nb3 would win.} Nd4+ 58. Ke3 Nc2+ 59. Kd2 Nb4 60. Nd3 Nd5 {[%emt 0:00:05] Black escapes into a draw.   Weighted Error Value: White=0.16 (very precise) /Black=0.19 (very precise)} 1/2-1/2

[Event "SixDays Budapest January-GM 2023"]
[Site "Budapest"]
[Date "2023.01.27"]
[Round "7.2"]
[White "Kozak, Adam"]
[Black "Hacker, Jonas"]
[Result "1/2-1/2"]
[ECO "B48"]
[WhiteElo "2558"]
[BlackElo "2446"]
[Annotator "TA"]
[PlyCount "129"]
[EventDate "2023.01.23"]
[EventType "tourn"]
[EventCountry "HUN"]
[SourceTitle "playchess.com"]
[Source "ChessBase"]
[SourceQuality "1"]
[TimeControl "5400+30"]

1. e4 c5 2. Nf3 e6 3. d4 cxd4 4. Nxd4 Nc6 5. Nc3 Qc7 6. Be3 a6 7. a3 b5 8. Nxc6 Qxc6 {[%emt 0:00:58] B48: Sicilian: Taimanov: 5 Nc3 Qc7 6 Be3 a6 without Be2.} 9. h4 {[%emt 0:00:16] [#]} b4 $146 (9... Nf6 $11) ({Predecessor:} 9... Bb7 10. h5 h6 11. Bd3 Rc8 12. Rh3 Nf6 13. Kf1 Bc5 14. Qe2 O-O 15. Rd1 d6 16. Kg1 {½-½ Giri,A (2764)-Matlakov,M (2685) Titled Tuesday intern op 17th Nov blitz 2020 (8)}) 10. axb4 $16 Bxb4 {[%emt 0:00:10] White is better.} 11. Qd4 {[%emt 0:00:05][%csl LRb4,LRg7] Inhibits Nf6.} Bxc3+ 12. Qxc3 Qxc3+ 13. bxc3 Nf6 {[%emt 0:08:52] Black is weak on the dark squares} 14. Bd3 Bb7 15. f3 O-O 16. Kd2 a5 17. Bb5 Rfc8 18. Rhb1 Bc6 19. c4 Ne8 20. Kd3 {[%emt 0:03:26] White is more active.} f6 21. Ra4 Nd6 22. Bd2 Kf7 23. Rxa5 (23. Bxa5 $2 {too greedy.} Bxb5 24. Rxb5 (24. cxb5 $2 {perishes.} Nb7 $19) 24... Nxb5 25. cxb5 Ra7 $19) 23... Rxa5 24. Bxa5 h5 25. Rb3 Ke8 26. Bc3 Kf7 27. Bd4 e5 28. Be3 Ke8 29. Bf2 Kf7 30. Bb6 (30. Bxc6 $16 Rxc6 31. Rb4) 30... Ke8 (30... f5 $11) 31. Bf2 Kf7 $1 32. Be3 Ke8 $1 33. Bd2 Kf7 34. Bc1 Ke6 35. Ba3 Ne8 36. Bb4 Nd6 37. Bxc6 Rxc6 {[%emt 0:00:40][%mdl 4096] Endgame KRB-KRN} 38. c5 Nb7 39. Kc4 Rc8 (39... Nd6+ $1 $11 {is more appropriate.} 40. Kd3 Nb7) 40. Ra3 Nd8 (40... d6 $11 {was preferrable.}) 41. Bd2 (41. Ra1 $14) 41... Nc6 (41... d6 $11) 42. Be3 Rb8 43. Ra1 {[%emt 0:00:22] Repels Rb1} Rb4+ 44. Kc3 Rb8 45. g3 Rg8 46. Kd3 Rb8 47. Kd2 Rc8 48. c3 Rb8 49. Kc2 Rb7 (49... Rc8 $14) 50. f4 ({White should try} 50. Ra8 $16) 50... Rb8 51. fxe5 Nxe5 52. Ra6+ Nc6 $1 53. Bf4 Rg8 {[%emt 0:00:06] The position is equal.} 54. Ra1 g5 55. hxg5 fxg5 56. Bc7 h4 57. Rh1 Rh8 58. gxh4 gxh4 59. Rh3 Ne5 60. Kd2 Rh5 61. Ke3 Ng4+ {[%emt 0:00:38][%mdl 64] [#] Discovered Attack} 62. Kf3 Rxc5 63. Kxg4 Rxc7 64. Rxh4 Rxc3 65. Kf4 {Weighted Error Value: White=0.15 (very precise) /Black=0.11 (very precise)} 1/2-1/2

[Event "SixDays Budapest January-GM 2023"]
[Site "Budapest"]
[Date "2023.01.27"]
[Round "7.3"]
[White "Lucas, Arthur"]
[Black "Nagy, Gabor"]
[Result "1/2-1/2"]
[ECO "C26"]
[WhiteElo "2412"]
[BlackElo "2499"]
[Annotator "TA"]
[PlyCount "28"]
[EventDate "2023.01.23"]
[EventType "tourn"]
[EventCountry "HUN"]
[SourceTitle "playchess.com"]
[Source "ChessBase"]
[SourceQuality "1"]
[TimeControl "5400+30"]

1. e4 e5 2. Nc3 Nf6 3. d4 exd4 4. Qxd4 Nc6 5. Qd3 d5 6. Bf4 {[%emt 0:00:26][%cal Re4d5,Bc1f4,Bf4d2,Bd2c3][%mdl 32] C26: Vienna Game: 2...Nf6, sidelines .} d4 7. Nb5 Bb4+ 8. c3 {[%emt 0:03:23] [#] The position is equal.} Ba5 $146 {[%emt 0:00:21] [#] Threatens to win with ...a6.} ({Predecessor:} 8... dxc3 9. Qxd8+ Kxd8 10. bxc3 Ba5 11. O-O-O+ Bd7 12. f3 a6 13. Nd4 Nxd4 14. cxd4 Ba4 15. Rd3 Bb5 16. Rd1 Ba4 17. Rd3 Bb5 18. Rd1 {½-½ Safarli,E (2589)-Areshchenko,A (2670) EU-ch 22nd Terme Catez 2022 (8)}) 9. O-O-O $1 Nh5 10. Bd2 {[%emt 0:03:48][%cal Rb5d4] White is slightly better.} dxc3 11. Qxd8+ Nxd8 12. Bxc3 (12. bxc3 O-O $11) 12... Bb6 (12... Bxc3 $2 13. Nxc7+ (13. bxc3 Ne6 $11) (13. Nxc3 O-O $11) 13... Ke7 14. bxc3 $18 (14. Nxa8 Be5 $16)) 13. Ne2 Ne6 14. f3 Bd7 {[%emt 0:04:56] Weighted Error Value: White=0.01 (flawless) /Black=0.11 (very precise)} 1/2-1/2

[Event "SixDays Budapest January-GM 2023"]
[Site "Budapest"]
[Date "2023.01.27"]
[Round "7.4"]
[White "Can, Isik"]
[Black "Chen, Qi b"]
[Result "1/2-1/2"]
[ECO "C68"]
[WhiteElo "2488"]
[BlackElo "2484"]
[Annotator "TA"]
[PlyCount "25"]
[EventDate "2023.01.23"]
[EventType "tourn"]
[EventCountry "HUN"]
[SourceTitle "playchess.com"]
[Source "ChessBase"]
[SourceQuality "1"]
[TimeControl "5400+30"]

1. e4 e5 2. Nf3 Nc6 3. Bb5 a6 4. Bxc6 dxc6 5. O-O Bg4 6. h3 Bh5 7. g4 Bg6 {[%emt 0:00:03] C68: Ruy Lopez: Exchange Variation, sidelines.} 8. Nxe5 Bd6 $1 {[%emt 0:00:12][%mdl 4] is currently scoring better than 8...Qh4.} (8... Qh4 $11) 9. Nxg6 hxg6 10. Qf3 Qd7 11. d4 f5 {[%emt 0:03:29] [#]} 12. exf5 $146 ({Predecessor:} 12. e5 Be7 13. c3 O-O-O 14. g5 Rh5 15. Kh2 Bxg5 16. Bxg5 Rxg5 17. Nd2 Ne7 18. Rg1 {½-½ Kucza,K (2305)-Janik,I (2519) Bydgoszcz op-A 2022 (9)}) 12... gxf5 13. Re1+ {[%emt 0:08:10] Weighted Error Value: White=0.09 (flawless) /Black=0.13 (very precise)} ({Much worse is} 13. gxf5 O-O-O 14. Rd1 Rf8 $17) 1/2-1/2

[Event "SixDays Budapest January-GM 2023"]
[Site "Budapest"]
[Date "2023.01.27"]
[Round "7.5"]
[White "Olsen, Filip Boe"]
[Black "Berczes, David"]
[Result "0-1"]
[ECO "E00"]
[WhiteElo "2428"]
[BlackElo "2436"]
[Annotator "TA"]
[PlyCount "54"]
[EventDate "2023.01.23"]
[EventType "tourn"]
[EventCountry "HUN"]
[SourceTitle "playchess.com"]
[Source "ChessBase"]
[SourceQuality "1"]
[TimeControl "5400+30"]

1. d4 Nf6 2. c4 e6 3. Bf4 Bb4+ 4. Nd2 d5 5. a3 Bxd2+ 6. Qxd2 {[%emt 0:04:16] A50: Queen's Fianchetto Defence (1 d4 Nf6 2 c4 b6).} dxc4 7. e3 {[%emt 0:05:39] [#]} c5 $146 ({Predecessor:} 7... Nc6 8. Bxc4 b6 9. Nf3 Bb7 10. O-O O-O 11. Qc2 Qe7 12. Ba2 a6 13. Bb1 Rfe8 {0-1 Sepulveda Brango,A (1288)-Barbosa,L (1276) Cartagena Region-ch 2020 (5)}) 8. dxc5 {[%emt 0:08:21] And now Qxd8+ would win. The position is equal.} Qxd2+ 9. Kxd2 {[%emt 0:00:03] [#]} c3+ $1 10. bxc3 (10. Kxc3 $2 {too greedy.} Ne4+ 11. Kc2 Nxf2 $17) 10... Ne4+ 11. Ke1 Nxc5 12. Nf3 f6 13. Nd2 {[%emt 0:11:01] White is now going downhill.} e5 14. Bg3 Ke7 15. a4 Rd8 16. Ra3 Nc6 {[%emt 0:13:15] Black has more active pieces. The white rooks are badly placed.} 17. a5 (17. f4 $17) 17... Be6 $19 18. f3 b6 19. axb6 axb6 20. Rxa8 Rxa8 21. Be2 $2 (21. Rg1) 21... Ra1+ {[%emt 0:00:31][%mdl 64] [#] Skewer} 22. Bd1 Na5 23. h4 h5 24. Rf1 Nc4 25. Bf2 Ra2 {[%emt 0:00:50] ( -> ...Nd3+)} 26. Bb3 Nd3+ {[%emt 0:00:05] A dynamic duo of knights.} 27. Kd1 Rxd2# {[%emt 0:00:03] Weighted Error Value: White=1.01/Black=0.24 (precise)} 0-1

[Event "SixDays Budapest January-GM 2023"]
[Site "Budapest"]
[Date "2023.01.27"]
[Round "8.1"]
[White "Pajeken, Jakob Leon"]
[Black "Berczes, David"]
[Result "1/2-1/2"]
[ECO "D30"]
[WhiteElo "2449"]
[BlackElo "2436"]
[Annotator "TA"]
[PlyCount "25"]
[EventDate "2023.01.23"]
[EventType "tourn"]
[EventCountry "HUN"]
[SourceTitle "playchess.com"]
[Source "ChessBase"]
[SourceQuality "1"]
[TimeControl "5400+30"]

1. d4 d5 2. c4 e6 3. Nf3 Nf6 4. e3 Be7 5. Nbd2 O-O 6. Bd3 c5 7. O-O {[%emt 0:02:56] 7.b3 might become the main line. D30: Queen's Gambit Declined: Systems without Nc3.} cxd4 8. exd4 Nc6 9. a3 {[%emt 0:00:50] The position is equal.} b6 10. b4 dxc4 11. Nxc4 Bb7 12. b5 {[%emt 0:07:59] [#]} Na5 $146 ({Predecessor:} 12... Nb8 13. Bb2 a6 14. a4 Nbd7 15. Nce5 Nxe5 16. dxe5 Nd5 17. Be4 axb5 18. axb5 Rxa1 19. Qxa1 {1-0 Barona,A-Pazos Gambarrotti,P (2327) Cali op 2008 (2)}) 13. Nxa5 {[%emt 0:03:09] Weighted Error Value: White=0.14 (very precise) /Black=0.00 (flawless)} 1/2-1/2

[Event "SixDays Budapest January-GM 2023"]
[Site "Budapest"]
[Date "2023.01.27"]
[Round "8.2"]
[White "Chen, Qi b"]
[Black "Olsen, Filip Boe"]
[Result "1/2-1/2"]
[ECO "B90"]
[WhiteElo "2484"]
[BlackElo "2428"]
[Annotator "TA"]
[PlyCount "40"]
[EventDate "2023.01.23"]
[EventType "tourn"]
[EventCountry "HUN"]
[SourceTitle "playchess.com"]
[Source "ChessBase"]
[SourceQuality "1"]
[TimeControl "5400+30"]

1. e4 c5 2. Nf3 d6 3. d4 cxd4 4. Nxd4 Nf6 5. Nc3 a6 6. h3 e5 7. Nb3 Be6 {[%emt 0:01:08] 7...Be7 is the hot move. B90: Sicilian Najdorf: Unusual White 6th moves, 6 Be3 Ng4 and 6 Be3 e5.} 8. Be3 Be7 9. f4 Qc7 10. Qf3 (10. f5 $14 {was preferrable.} Bc4 11. g4) 10... b5 (10... Nc6 $11) 11. O-O-O Nbd7 12. g4 {[%emt 0:14:45] [#] aiming for g5.} exf4 $146 (12... Rc8 $1 $14 13. g5 Ng8) ({Predecessor:} 12... Rc8 13. Rh2 b4 14. Nd5 Bxd5 15. exd5 Nc5 16. Nxc5 dxc5 17. fxe5 Qxe5 18. Bf4 {1-0 Haubold,C (1638)-Grundmann,D (1215) Sachsen-Anhalt-ch op 2021 (2)}) 13. Bxf4 (13. e5 $1 $18 Rc8 14. exf6 fxe3 15. fxe7) 13... Ne5 $14 14. Qe3 O-O 15. Kb1 (15. g5 $5 Nh5 16. Bh2 $14) 15... Rfc8 $132 {[%emt 0:05:52][%mdl 2048] [#] ...b4 is the strong threat. Black is not holding back} 16. Rh2 Qb7 17. Na5 (17. g5 $5 Nh5 18. Nd5 $11) 17... Qc7 18. Nb3 Qb7 {[%emt 0:00:05] Inhibits Nd5.} 19. Na5 (19. g5 $5 Nh5 20. Nd4 $11) 19... Qc7 20. Nb3 Qb7 {Inhibits Nd5.   Weighted Error Value: White=0.29 (precise) /Black=0.30} 1/2-1/2

[Event "SixDays Budapest January-GM 2023"]
[Site "Budapest"]
[Date "2023.01.27"]
[Round "8.4"]
[White "Hacker, Jonas"]
[Black "Lucas, Arthur"]
[Result "1-0"]
[ECO "B40"]
[WhiteElo "2446"]
[BlackElo "2412"]
[Annotator "TA"]
[PlyCount "129"]
[EventDate "2023.01.23"]
[EventType "tourn"]
[EventCountry "HUN"]
[SourceTitle "playchess.com"]
[Source "ChessBase"]
[SourceQuality "1"]
[TimeControl "5400+30"]

1. e4 c5 2. Nf3 e6 3. g3 Nc6 4. Bg2 Nf6 5. Qe2 e5 6. O-O {[%emt 0:01:39] B40: Sicilian: 2...e6, Unusual lines.} Be7 7. Nc3 O-O 8. Nd5 {[%emt 0:00:40] The position is equal.} Nxd5 9. exd5 Nd4 10. Nxd4 exd4 11. Re1 Bf6 {[%emt 0:02:06] Black is weak on the light squares} 12. d6 Qb6 13. Qc4 {[%emt 0:05:54] White wants to play d3.} Qxd6 {[%emt 0:01:29][%cal Ob7b5] [#]} 14. Bd5 $146 ({Predecessor:} 14. d3 Qb6 15. Bf4 d6 16. Qd5 Be6 17. Qxd6 Qxd6 18. Bxd6 Rfd8 19. Bxc5 Rac8 20. Ba3 {1-0 Shubin,K (2473)-Suvorov,A (2370) Titled Tuesday intern op 14th Dec blitz 2021 (6)}) 14... g5 (14... b5 $5 15. Bxf7+ Kh8 $11) 15. a4 Rb8 16. Qb3 b6 17. Qf3 Bg7 ({Better is} 17... Bd8 $11) 18. d3 $1 $14 h6 {[%emt 0:07:41] [#]} 19. h4 $1 Qf6 20. hxg5 hxg5 21. Qh5 {[%emt 0:03:39] Repels Qxf3. White has more active pieces. The black rooks are badly placed.} Bh6 {[%emt 0:00:46] [#]} (21... Qh6 $16 {was called for.} 22. Qxg5 Qxg5 23. Bxg5 Bb7 24. Bxb7 Rxb7) 22. f4 $1 $18 gxf4 23. Rf1 $2 (23. Bxf4 $18 Bxf4 24. gxf4) 23... Qg5 $14 (23... Qg7 $2 24. Bxf4 Bxf4 25. Rxf4 $18) 24. Qf3 (24. Bxf4 $2 Qxh5 25. Bf3 Qg6 $19) ({White should try} 24. Qxg5+ $1 $14 Bxg5 25. Bxf4 Bxf4 26. Rxf4) 24... Qf6 $2 (24... Qg6 $11) 25. Bxf4 $18 Bxf4 26. Qg4+ {[%emt 0:01:47][%mdl 64] Pin} (26. Qxf4 Qxf4 27. Rxf4 d6 $14) ({Inferior is} 26. gxf4 Re8 $11) 26... Qg7 27. Rxf4 {[%emt 0:00:29] Hoping for Qh4.} ({And not} 27. Qxf4 Bb7 28. Bxb7 Rxb7 $11) 27... d6 28. Qh4 Bd7 (28... Be6 $2 29. Bxe6 fxe6 30. Rg4) 29. Raf1 Rbe8 (29... Be6 $2 30. Bxe6 fxe6 31. Rg4 Rxf1+ 32. Kxf1) 30. Bxf7+ ({Not} 30. Rxf7 Rxf7 31. Bxf7+ Qxf7 $18) 30... Rxf7 31. Rxf7 Qxf7 32. Rxf7 Kxf7 {[%emt 0:00:02][%mdl 4096] Endgame KQ-KRB} 33. Qf4+ Ke7 34. Qe4+ Kf6 35. Qf4+ Ke7 36. g4 Rf8 $2 (36... Bxa4 {was worth a try.} 37. c3 dxc3) 37. Qg5+ Kf7 (37... Rf6 $142 38. Qh4 Be8) 38. Qh5+ {[%emt 0:00:31] White is clearly winning.} Ke7 39. Qh4+ Kf7 40. Qh7+ Ke8 41. g5 Rf4 42. g6 Rg4+ 43. Kf2 Be6 44. Qh8+ Ke7 45. Qg7+ Ke8 46. b3 Bd5 47. Ke1 Rg1+ 48. Kd2 a5 49. Qh8+ Ke7 50. g7 Bf7 51. Qf8+ Ke6 52. Ke2 Rg6 53. Kd1 Rg1+ {[%emt 0:00:30] [#]} 54. Kd2 $1 Rg6 55. Kc1 d5 56. Qd8 Kf5 57. Qc7 Bg8 58. Qc8+ Be6 59. Qf8+ Kg4 60. Qd6 Kf5 61. Qxb6 Rxg7 62. Qxc5 Ke5 63. Kb2 (63. Qxa5 $142 Rb7 64. Qa8) 63... Bf5 64. Qxa5 Rg2 65. Qc7+ {[%emt 0:00:15] Weighted Error Value: White=0.24 (precise) /Black=0.40} 1-0

[Event "SixDays Budapest January-GM 2023"]
[Site "Budapest"]
[Date "2023.01.27"]
[Round "8.5"]
[White "Ghazarian, Kirk"]
[Black "Kozak, Adam"]
[Result "1/2-1/2"]
[ECO "A62"]
[WhiteElo "2466"]
[BlackElo "2558"]
[Annotator "TA"]
[PlyCount "40"]
[EventDate "2023.01.23"]
[EventType "tourn"]
[EventCountry "HUN"]
[SourceTitle "playchess.com"]
[Source "ChessBase"]
[SourceQuality "1"]
[TimeControl "5400+30"]

1. d4 Nf6 2. c4 e6 3. g3 c5 4. d5 exd5 5. cxd5 d6 6. Nc3 g6 7. Bg2 Bg7 8. Nf3 O-O 9. O-O Re8 10. Re1 a6 11. a4 {[%emt 0:00:27] [#] A rather calm draw.  A63: Modern Benoni: Fianchetto Variation: 9...Nbd7.} {Predecessor:} Nbd7 $146 12. Qc2 Rb8 13. Bf4 Qc7 14. a5 b5 15. axb6 Rxb6 16. h3 Rb4 17. e4 Qb8 18. Rab1 a5 19. Bf1 h6 20. Nd2 g5 {½-½ Piorun,K (2640)-Nisipeanu,L (2652) Bundesliga 2122 2022 (11.1)} 1/2-1/2

[Event "SixDays Budapest January-GM 2023"]
[Site "Budapest"]
[Date "2023.01.28"]
[Round "9.1"]
[White "Kozak, Adam"]
[Black "Pajeken, Jakob Leon"]
[Result "1/2-1/2"]
[ECO "D26"]
[WhiteElo "2558"]
[BlackElo "2449"]
[Annotator "TA"]
[PlyCount "43"]
[EventDate "2023.01.23"]
[EventType "tourn"]
[EventCountry "HUN"]
[SourceTitle "playchess.com"]
[Source "ChessBase"]
[SourceQuality "1"]
[TimeControl "5400+30"]

1. d4 d5 2. c4 dxc4 3. Nf3 Nf6 4. e3 e6 5. Bxc4 c5 6. O-O Nc6 7. Qe2 a6 8. dxc5 Bxc5 9. a3 O-O 10. b4 Bd6 11. Bb2 Qe7 12. Nbd2 e5 {[%emt 0:07:12] D28: Queen's Gambit Accepted: Classical main line: 7 Qe2 with early ...Nc6.} 13. e4 {[%emt 0:07:57] [#]} b5 $146 ({Predecessor:} 13... Nh5 14. Rfc1 Bg4 15. Qe3 Nf4 16. g3 Nh3+ 17. Kg2 Bb8 18. Rf1 Ba7 19. Qe1 Qf6 {0-1 Zoler,D (2473)-Parkhov,Y (2428) ISR-chT Israel 2021 (1.4)}) 14. Bd5 Bb7 15. Rfe1 Rfe8 16. Qe3 Nxd5 17. exd5 Nb8 {[%emt 0:00:42] [#]} (17... Nd8 $11) 18. Bxe5 {[%emt 0:16:13] White is more active.} ({Don't play} 18. Nxe5 Bxe5 19. Bxe5 (19. Qxe5 Qxe5 20. Rxe5 Rxe5 $11) 19... Nd7 $11) (18. Rad1 $1 $16) 18... Bxe5 $11 {[%emt 0:01:34] The position is equal.} 19. Qxe5 Qxe5 20. Rxe5 Nd7 21. Rxe8+ Rxe8 22. a4 {[%emt 0:06:52] Weighted Error Value: White=0.12 (very precise) /Black=0.18 (very precise)} 1/2-1/2

[Event "SixDays Budapest January-GM 2023"]
[Site "Budapest"]
[Date "2023.01.28"]
[Round "9.2"]
[White "Lucas, Arthur"]
[Black "Ghazarian, Kirk"]
[Result "1/2-1/2"]
[ECO "B30"]
[WhiteElo "2412"]
[BlackElo "2466"]
[Annotator "TA"]
[PlyCount "49"]
[EventDate "2023.01.23"]
[EventType "tourn"]
[EventCountry "HUN"]
[SourceTitle "playchess.com"]
[Source "ChessBase"]
[SourceQuality "1"]
[TimeControl "5400+30"]

1. e4 c5 2. Nf3 Nc6 3. b4 cxb4 4. d4 d5 5. exd5 Qxd5 6. c4 bxc3 7. Nxc3 Qa5 {[%emt 0:00:15] B30: Sicilian: 2...Nc6 3 Bb5, lines without ...g6.} 8. Rb1 e6 9. Bd2 {[%emt 0:00:20] [#] aiming for Nb5.} Qd8 {[%emt 0:03:30] Black is slightly better.} 10. Bb5 {[%emt 0:03:28] Threatens to win with Ne5.} Bd6 11. Ne4 Bc7 {[%emt 0:03:01] [#]} 12. h4 $146 ({Predecessor:} 12. O-O Nge7 13. Bb4 O-O 14. Ba3 f6 15. Qc2 Re8 16. Rfc1 Nd5 17. g3 a6 18. Bxc6 bxc6 {½-½ Roebuck,D (2270)-Whaley,M (2342) AUS CM email 2015}) 12... Nge7 13. Nfg5 $1 {[%emt 0:06:27] The position is equal.} h6 ({Don't do} 13... Qxd4 14. Qh5 g6 15. Qf3 $16) 14. Qh5 Ng6 $1 (14... hxg5 $2 15. Qxh8+ Kd7 16. Qxg7 $18) (14... O-O $2 15. Nf6+ Kh8 16. Nxf7+ Rxf7 17. Qxf7 $18) 15. Bxc6+ bxc6 16. Nxf7 Kxf7 17. Rh3 {[%emt 0:00:06] [#] Rf3+ is the strong threat.} Rf8 {[%emt 0:07:16] And now ...Ba6 would win.} (17... Qxd4 $2 18. Rf3+ $18) 18. Rf3+ Kg8 (18... Ke7 $2 19. Bb4+ $18) 19. Qxg6 Rxf3 20. gxf3 Ba5 $1 21. Bxa5 Qxa5+ 22. Kf1 {[%emt 0:00:04] Threatening mate with Nf6+. Dancing on a razor blade.} Ba6+ 23. Kg2 Qf5 {[%emt 0:00:46] Against Nc5} 24. Qxf5 exf5 25. Nd6 {[%emt 0:00:06] Weighted Error Value: White=0.02 (flawless) /Black=0.04 (flawless)} 1/2-1/2